 Dungeon Crawl Stone Soup version 0.29.0-4-gdea44cf6ec (webtiles) character file.

Game seed: 3368684022770590488

925 qw the Grappler (level 7, -1/67 HPs)
             Began as a Troll Cinder Acolyte on Sept 2, 2022.
             Was a High Priest of Ignis.
             Slain by a rakshasa
             ... wielding a +0 trident
              (2 damage)
             ... on level 1 of the Abyss.
             The game lasted 00:02:37 (3346 turns).

qw the Grappler (Troll Cinder Acolyte)              Turns: 3346, Time: 00:02:37

Health: -1/67      AC: 12    Str: 25    XL:     7   Next: 84%
Magic:  7/7        EV:  9    Int: 10    God:    Ignis [*****.]
Gold:   236        SH:  0    Dex:  5    Spells: 8/8 levels left

rFire   + . .      SeeInvis .     - Unarmed
rCold   + . .      Faith    .   (no shield)
rNeg    . . .      Spirit   .   f - +1 robe {rC+}
rPois   .          Reflect  .   (helmet restricted)
rElec   .          Harm     .   (no cloak)
rCorr   .          Rampage  .   (gloves unavailable)
Will    .....                   (boots unavailable)
Stlth   +.........              (no amulet)
HPRegen 1.01/turn               (no ring)
MPRegen 0.10/turn               (no ring)

@: lethally poisoned (-1 -> -2), about to teleport, weakened, fiery-armoured
A: large, unfitting armour, claws 3, regeneration 1, shaggy fur 1, tough skin 1
a: Renounce Religion, Fiery Armour, Foxfire Swarm, Rising Flame


You were on level 1 of the Abyss.
You worshipped Ignis.
Ignis was extremely pleased with you.
You visited 1 branch of the dungeon, and saw 5 of its levels.
You visited the Abyss 1 time.

You collected 362 gold pieces.
You spent 126 gold pieces at shops.


Innate Abilities, Weirdness & Mutations

You are too large for most types of armour.
You have claws for hands.
Your natural rate of healing is unusually fast.
You are covered in fur. (AC +1)
You have tough skin. (AC +1)


   Skills:
 - Level 3.4 Fighting
 + Level 0.0 Dodging
 - Level 9.0 Unarmed Combat
 - Level 1.0 Spellcasting
 - Level 2.1 Fire Magic


You had 8 spell levels left.
You didn't know any spells.
Your spell library contained the following spells:

 Spells                   Type           Power      Damage    Failure   Level
 Scorch                   Fire           8%         2d5       22%         2

Inventory:

Armour
 f - a +1 robe of cold resistance (worn)
Scrolls
 c - 2 scrolls of teleportation
 d - a scroll of identify
Potions
 e - 4 potions of curing
 h - a potion of attraction {unknown}
 j - a potion of cancellation
 k - a potion of might

Dungeon Overview and Level Annotations

Branches:
Dungeon (5/15)             Temple (0/1) D:4

Altars:
Okawaru

Shops:
D:1 *   D:2 !


Message History

The orange demon is burned by your cloak of flames.
The orange demon is lightly wounded.
You scratch the orange demon.
The orange demon is moderately wounded.
You feel very sick.
The rakshasa hits you but does no damage.
A thrashing horror comes into view.
The orange demon stings you from afar!
The orange demon stings you but does no damage.
The orange demon is burned by your cloak of flames.
The orange demon is moderately wounded.
The orange demon hits you.
The orange demon is burned by your cloak of flames.
The orange demon is moderately wounded.
The thrashing horror roars!
You claw the orange demon!
The orange demon is heavily wounded.
You feel very sick.
The rakshasa hits you with a +0 trident!
The rakshasa is burned by your cloak of flames.
The rakshasa is severely wounded.
The orange demon stings you but does no damage.
The orange demon hits you but does no damage.
The orange demon is burned by your cloak of flames.
The orange demon is severely wounded.
You closely miss the orange demon.
The orange demon is severely wounded.
You feel sick. The rakshasa closely misses you.
The orange demon completely misses you.
You scratch the orange demon but do no damage.
The orange demon is severely wounded.
You feel sick.
You claw the orange demon!
The orange demon is almost dead.
You feel sick. The orange demon barely misses you. The orange demon stings you.
The orange demon is burned by your cloak of flames.
The orange demon is almost dead.
The orange demon misses you.
The rakshasa hits you with a +0 trident.
You die...

.## # #.. ###
...##. #.. ..
. ###...###.
. ... ###.# .
..#.#4..#
#...#4## .#
#..#R@## .
#.###.#.....#
##
#.R.#####...#
... #.#.....#
X.# ......._#
#..## ##
.......#%.##
..# .#
......###.###
....... #
#..#
.......##. #


You could see a rakshasa and 2 orange demons.

Vanquished Creatures
  A raiju (Abyss:1)
  Sigmund (D:3)
  2 black bears
  A phantom (D:4)
  An orc priest (D:5)
  A gnoll bouda (D:5)
  Jessica (D:3)
  An orc wizard (D:5)
  Robin (D:3)
  A gnoll (D:1)
  10 adders
  An ufetubus (D:4)
  2 worms (D:3)
  2 dart slugs (D:1)
  An orc (D:5)
  4 bats (D:2)
  7 endoplasms
  7 giant cockroaches
  17 goblins
  13 hobgoblins
  4 jackals (D:3)
  6 kobolds
  7 quokkas
  6 ball pythons
  4 frilled lizards
  11 rats
113 creatures vanquished.

Vanquished Creatures (others)
  8 fungi (D:5)
8 creatures vanquished.

Grand Total: 121 creatures vanquished

Notes
Turn   | Place    | Note
-------+----------+-------------------------------------------
     0 | D:1      | qw the Troll Cinder Acolyte began the quest for the Orb.
     0 | D:1      | Reached XP level 1. HP: 22/22 MP: 1/1
     0 | D:1      | 0 ||| qw: Version: 0.1-a-100-g36b9a1f
     0 | D:1      | 0 ||| qw: Game counter: 5027
     0 | D:1      | 0 ||| qw: Always use a shield: true
     0 | D:1      | 0 ||| qw: God list: Okawaru
     0 | D:1      | 0 ||| qw: Allow faded altars: false
     0 | D:1      | 0 ||| qw: Do Orc after D:15 true
     0 | D:1      | 0 ||| qw: Do second Lair branch before Depths: true
     0 | D:1      | 0 ||| qw: Lair rune preference: random
     0 | D:1      | 0 ||| qw: Plans: Normal
     0 | D:1      | 0 ||| PLANNING D:1-11
   128 | D:1      | 128 ||| Stepping ~*~*~tactically~*~*~ (outnumbered).
   129 | D:1      | 129 ||| Stepping ~*~*~tactically~*~*~ (outnumbered).
   135 | D:1      | Reached XP level 2. HP: 29/29 MP: 2/2
   244 | D:1      | 244 ||| Stepping ~*~*~tactically~*~*~ (hiding).
   389 | D:1      | 389 ||| Stepping ~*~*~tactically~*~*~ (stealth).
   396 | D:1      | 396 ||| Stepping ~*~*~tactically~*~*~ (outnumbered).
   397 | D:1      | 397 ||| Stepping ~*~*~tactically~*~*~ (outnumbered).
   398 | D:1      | 398 ||| Stepping ~*~*~tactically~*~*~ (outnumbered).
   399 | D:1      | 399 ||| Stepping ~*~*~tactically~*~*~ (outnumbered).
   400 | D:1      | 400 ||| Stepping ~*~*~tactically~*~*~ (outnumbered).
   402 | D:1      | 402 ||| Stepping ~*~*~tactically~*~*~ (outnumbered).
   403 | D:1      | 403 ||| Stepping ~*~*~tactically~*~*~ (outnumbered).
   408 | D:1      | 408 ||| Stepping ~*~*~tactically~*~*~ (outnumbered).
   410 | D:1      | Reached skill level 4 in Unarmed Combat
   410 | D:1      | Reached XP level 3. HP: 30/36 MP: 3/3
   514 | D:1      | Found Iloc's General Store.
   523 | D:1      | 523 ||| SHOPLISTING +2 cloak of stealth (215 gold, have
                  | 49).
   523 | D:1      | 523 ||| BUYING scroll of teleportation (30 gold).
   523 | D:1      | Bought a scroll of teleportation for 30 gold pieces
   842 | D:1      | 842 ||| READING 3 scrolls labelled IMYTHRE JIUZXO.
   843 | D:1      | 843 ||| READING 2 scrolls of identify.
   843 | D:1      | 843 ||| IDENTIFYING sedimented orange potion
   928 | D:2      | Found a faded altar of an unknown god.
  1096 | D:2      | Reached XP level 4. HP: 44/44 MP: 4/4
  1120 | D:2      | Reached skill level 5 in Unarmed Combat
  1198 | D:2      | Found Yhuegacw's Distillery.
  1205 | D:2      | 1205 ||| SHOPLISTING 2 potions of mutation (192 gold, have
                  | 119).
  1205 | D:2      | 1205 ||| BUYING potion of cancellation (96 gold).
  1205 | D:2      | Bought a potion of cancellation for 96 gold pieces
  1205 | D:2      | 1205 ||| SHOPLISTING potion of curing (36 gold, have 23).
  1205 | D:2      | 1205 ||| SHOPLISTING potion of might (48 gold, have 23).
  1475 | D:2      | 1475 ||| READING scroll labelled BYUHIDD MEOXUO.
  1476 | D:2      | 1476 ||| DRINKING 3 fizzy ruby potions.
  1477 | D:2      | 1477 ||| DRINKING 2 emerald potions.
  1478 | D:2      | 1478 ||| DRINKING 2 bubbling orange potions.
  1479 | D:2      | 1479 ||| READING 4 scrolls of identify.
  1479 | D:2      | 1479 ||| IDENTIFYING smoky ruby potion
  1480 | D:2      | 1480 ||| READING 3 scrolls of identify.
  1480 | D:2      | 1480 ||| IDENTIFYING fuming yellow potion
  1481 | D:2      | 1481 ||| READING 2 scrolls of identify.
  1481 | D:2      | 1481 ||| IDENTIFYING purple potion
  1482 | D:2      | 1482 ||| DROPPING potion of lignification.
  1483 | D:2      | 1483 ||| DROPPING potion of berserk rage.
  1484 | D:2      | 1484 ||| DROPPING potion of flight.
  1485 | D:2      | 1485 ||| DROPPING potion of degeneration.
  1509 | D:3      | 1509 ||| PLANNING SEWER
  1529 | D:3      | Noticed Sigmund
  1537 | D:3      | Killed Sigmund
  1538 | D:3      | Reached skill level 6 in Unarmed Combat
  1538 | D:3      | Reached XP level 5. HP: 29/50 MP: 5/5
  1552 | D:3      | 1552 ||| FLEEEEING.
  1553 | D:3      | 1553 ||| FLEEEEING.
  1556 | D:3      | 1556 ||| FLEEEEING.
  1620 | D:3      | 1620 ||| Stepping ~*~*~tactically~*~*~ (stealth).
  1621 | D:3      | 1621 ||| Stepping ~*~*~tactically~*~*~ (stealth).
  1629 | D:3      | 1629 ||| Stepping ~*~*~tactically~*~*~ (stealth).
  1642 | D:3      | Noticed Jessica
  1649 | D:3      | Killed Jessica
  1650 | D:3      | Reached XP level 6. HP: 52/59 MP: 6/6
  1700 | D:3      | 1700 ||| Stepping ~*~*~tactically~*~*~ (stealth).
  1702 | D:3      | 1702 ||| Stepping ~*~*~tactically~*~*~ (stealth).
  1726 | D:3      | 1726 ||| Stepping ~*~*~tactically~*~*~ (stealth).
  1729 | D:3      | Identified the +1 helmet of Sing {Int+5}
  1729 | D:3      | Noticed Robin
  1733 | D:3      | Killed Robin
  1736 | D:3      | 1736 ||| Stepping ~*~*~tactically~*~*~ (outnumbered).
  1737 | D:3      | 1737 ||| INVOKING Fiery Armour.
  1738 | D:3      | 1738 ||| Stepping ~*~*~tactically~*~*~ (outnumbered).
  1739 | D:3      | 1739 ||| Stepping ~*~*~tactically~*~*~ (outnumbered).
  1742 | D:3      | 1742 ||| Stepping ~*~*~tactically~*~*~ (outnumbered).
  1744 | D:3      | Reached skill level 7 in Unarmed Combat
  1750 | D:3      | 1750 ||| Stepping ~*~*~tactically~*~*~ (outnumbered).
  1773 | D:3      | Identified the +7 scale mail "Hudomet" {Str+3 Int+3}
  1911 | D:3      | 1911 ||| Stepping ~*~*~tactically~*~*~ (stealth).
  2152 | D:3      | 2152 ||| RIP SEWER
  2155 | D:3      | 2155 ||| PLANNING D:1-11
  2204 | D:3      | 2204 ||| UPGRADING to +1 robe of cold resistance.
  2214 | D:3      | 2214 ||| DROPPING +0 robe.
  2215 | D:3      | 2215 ||| READING scroll labelled PUNKOE LAFE.
  2264 | D:4      | 2264 ||| STAIRDANCE
  2273 | D:4      | Found a staircase to the Ecumenical Temple.
  2314 | D:4      | 2314 ||| Stepping ~*~*~tactically~*~*~ (stealth).
  2546 | D:4      | 2546 ||| Stepping ~*~*~tactically~*~*~ (stealth).
  2560 | D:4      | 2560 ||| Stepping ~*~*~tactically~*~*~ (stealth).
  2613 | D:4      | 2613 ||| Stepping ~*~*~tactically~*~*~ (stealth).
  2802 | D:4      | Reached skill level 8 in Unarmed Combat
  2802 | D:4      | Reached XP level 7. HP: 44/66 MP: 7/7
  2852 | D:4      | 2852 ||| DROPPING orb of mayhem.
  2853 | D:4      | 2853 ||| READING scroll labelled DICREMOATE.
  2854 | D:4      | 2854 ||| READING 2 scrolls labelled CUVAES GEFFEUR.
  2855 | D:4      | 2855 ||| READING 2 scrolls of identify.
  2855 | D:4      | 2855 ||| IDENTIFYING orange potion
  2856 | D:4      | 2856 ||| DROPPING potion of ambrosia.
  2857 | D:4      | 2857 ||| DROPPING scroll of magic mapping.
  2866 | D:5      | Entered Level 5 of the Dungeon
  2906 | D:5      | Found an iron altar of Okawaru.
  2960 | D:5      | 2960 ||| Stepping ~*~*~tactically~*~*~ (hiding).
  2970 | D:5      | 2970 ||| Stepping ~*~*~tactically~*~*~ (stealth).
  2978 | D:5      | 2978 ||| Stepping ~*~*~tactically~*~*~ (hiding).
  3128 | D:5      | Reached skill level 3 in Fighting
  3186 | D:5      | 3186 ||| Stepping ~*~*~tactically~*~*~ (hiding).
  3196 | Abyss:1  | Found a corrupted altar of Lugonu.
  3196 | Abyss:1  | Cast into level 1 of the Abyss (gnoll)
  3228 | Abyss:1  | Noticed a raiju
  3228 | Abyss:1  | 3228 ||| Stepping ~*~*~tactically~*~*~ (stealth).
  3243 | Abyss:1  | 3243 ||| Stepping ~*~*~tactically~*~*~ (stealth).
  3243 | Abyss:1  | Found a corrupted altar of Lugonu.
  3243 | Abyss:1  | Noticed a raiju
  3245 | Abyss:1  | 3245 ||| Stepping ~*~*~tactically~*~*~ (hiding).
  3249 | Abyss:1  | 3249 ||| Stepping ~*~*~tactically~*~*~ (stealth).
  3255 | Abyss:1  | 3255 ||| INVOKING Fiery Armour.
  3258 | Abyss:1  | Killed a raiju
  3259 | Abyss:1  | Reached skill level 9 in Unarmed Combat
  3318 | Abyss:1  | Noticed a rakshasa
  3319 | Abyss:1  | 3319 ||| Stepping ~*~*~tactically~*~*~ (stealth).
  3320 | Abyss:1  | 3320 ||| Stepping ~*~*~tactically~*~*~ (stealth).
  3334 | Abyss:1  | Noticed an orange demon
  3335 | Abyss:1  | HP: 15/67 [rakshasa (illusionary)/lance of force (13)]
  3336 | Abyss:1  | 3336 ||| READING 3 scrolls of teleportation.
  3337 | Abyss:1  | 3337 ||| DRINKING 2 potions of heal wounds.
  3339 | Abyss:1  | 3339 ||| DRINKING potion of heal wounds.
  3340 | Abyss:1  | 3340 ||| Stepping ~*~*~tactically~*~*~ (outnumbered).
  3342 | Abyss:1  | Noticed a thrashing horror
  3343 | Abyss:1  | HP: 6/67 [rakshasa/+0 trident (14)]
  3346 | Abyss:1  | HP: 1/67 [orange demon (4)]
  3346 | Abyss:1  | Slain by a rakshasa

Levels and vault maps discovered:
D:1:      lightli_arrival_statuegarden, layout_basic, serial_shops, shop,
          nicolae_grassy_gnolls
D:2:      layout_basic, serial_shops, shop,
          shapermc_ecumenical_altar_mp_urbaneastern, corexii_leaking_fountain,
          hangedman_decor_points
D:3:      layout_rooms, gup_sewer_entry_spiral, uniq_jessica, uniq_sigmund,
          uniq_robin
D:4:      layout_loops_ring, minmay_temple_entry_waves, nrook_campfire
D:5:      layout_basic, okawaru_metal_pillars_1_2, dreamdust_gnoll_farm
Abyss:1:  base:
D:4

Skill      XL: |  1  2  3  4  5  6  7 |
---------------+----------------------+-----
Unarmed Combat | 4 6 8 9 |  9.0
Fighting       | 3 |  3.4
Spellcasting   | |  1.0
Fire Magic     | |  2.1

Action                   |  1- 3 |  4- 6 |  7- 9 || total
-------------------------+-------+-------+-------++-------
Melee: Unarmed           |    94 |   168 |    40 ||   302
       Punch             |     3 |     2 |       ||     5
Invok: Fiery Armour      |       |     1 |     1 ||     2
  Use: Scroll            |     2 |     5 |     4 ||    11
       Potion            |       |     3 |     2 ||     5
Armor: Robe              |    16 |    49 |    11 ||    76
Dodge: Dodged            |    26 |    62 |     7 ||    95

Table legend:
 A = Non-vault XP
 B = Vault XP
 C = Vault XP percentage of total XP
 D = Non-vault monster count
 E = Vault monster count
 F = Vault count percentage of total count
                 A         B        C        D         E       F
            +---------+---------+-------+---------+---------+-------
      Total |     970 |     352 |  26.6 |      91 |      22 |  19.5
            +---------+---------+-------+---------+---------+-------
        D:1 |      50 |      14 |  21.9 |      27 |       1 |   3.6
        D:2 |      47 |       0 |   0.0 |      21 |       0 |   0.0
        D:3 |     102 |     338 |  76.8 |      25 |      21 |  45.7
        D:4 |     281 |       0 |   0.0 |      12 |       0 |   0.0
        D:5 |     249 |       0 |   0.0 |       5 |       0 |   0.0
    Abyss:1 |     241 |       0 |   0.0 |       1 |       0 |   0.0
            +---------+---------+-------+---------+---------+-------
